 Dungeon Crawl Stone Soup version 0.29-a0-553-g81b289dbe5 (webtiles) character file.

Game seed: 12465784519159755744

378 DocClef the Covert (level 6, -1/53 HPs)
             Began as a Gnoll Delver on June 6, 2022.
             Was an Initiate of Hepliaklqana.
             Succumbed to a scorpion's poison
             ... on level 4 of the Dungeon.
             The game lasted 00:02:21 (1705 turns).

DocClef the Covert (Gnoll Delver)                   Turns: 1705, Time: 00:02:22

Health: -1/53      AC:  4    Str: 13    XL:     6   Next: 74%
Magic:  9/9        EV: 13    Int:  9    God:    Hepliaklqana [......]
Gold:   30         SH:  0    Dex: 14    Spells: 9/9 levels left

rFire   . . .      SeeInvis .   a - +0 short sword
rCold   . . .      Faith    .   (no shield)
rNeg    . . .      Spirit   .   b - +0 leather armour
rPois   .          Reflect  .   i - +0 helmet
rElec   .          Harm     .   (no cloak)
rCorr   .          Rampage  .   (no gloves)
Will    .....                   (no boots)
Stlth   ++++......              (no amulet)
HPRegen 0.17/turn               (no ring)
MPRegen 0.11/turn               (no ring)

@: lethally poisoned (-1 -> -38)
A: fangs 1, strong nose, distributed training
a: Renounce Religion


You were on level 4 of the Dungeon.
You worshipped Hepliaklqana.
Hepliaklqana was noncommittal.
You visited 2 branches of the dungeon, and saw 3 of its levels.
You also visited: Ossuary.

You collected 30 gold pieces.

Inventory:

Hand Weapons
 a - a +0 short sword (weapon)
Armour
 b - a +0 leather armour (worn)
 i - a +0 helmet (worn)
Wands
 g - a wand of digging (3)
Scrolls
 c - 3 scrolls of fog
 d - a scroll of poison {unknown}
 e - a scroll of fear
 h - a scroll of summoning {unknown}
 k - a scroll of enchant armour {unknown}
 l - a scroll of blinking {unknown}
 n - 2 scrolls of teleportation {unknown}
 r - a scroll of amnesia {unknown}
 u - 3 scrolls of identify {unknown}
 x - a scroll of enchant weapon {unknown}
 y - a scroll of magic mapping
Potions
 f - a potion of haste
 j - a potion of mutation {unknown}
 m - a potion of lignification {unknown}
 o - a potion of cancellation {unknown}
 p - a potion of heal wounds {unknown}
 q - 2 potions of resistance {unknown}
 s - a potion of magic {unknown}
 t - a potion of flight {unknown}
 v - a potion of brilliance {unknown}
 w - 2 potions of curing {unknown}
 z - a potion of attraction {unknown}


   Skills:
 + Level 6.9 Fighting
 + Level 5.0 Short Blades
 + Level 2.1 Long Blades
 + Level 2.1 Axes
 + Level 2.1 Maces & Flails
 + Level 2.1 Polearms
 + Level 2.1 Staves
 + Level 2.1 Slings
 + Level 2.1 Bows
 + Level 2.1 Crossbows
 + Level 2.1 Throwing
 + Level 2.1 Armour
 + Level 5.0 Dodging
 + Level 9.8 Stealth
 + Level 2.1 Shields
 + Level 2.1 Unarmed Combat
 + Level 2.1 Spellcasting
 + Level 1.6 Conjurations
 + Level 1.6 Hexes
 + Level 1.6 Summonings
 + Level 1.6 Necromancy
 + Level 1.6 Translocations
 + Level 1.6 Transmutations
 + Level 1.6 Fire Magic
 + Level 1.6 Ice Magic
 + Level 1.6 Air Magic
 + Level 1.6 Earth Magic
 + Level 1.6 Poison Magic
 + Level 2.3 Invocations
 + Level 2.1 Evocations


You had 9 spell levels left.
You didn't know any spells.
Your spell library was empty.

Dungeon Overview and Level Annotations

Branches:
Dungeon (5/15)             Temple (1/1) D:4         Ossuary (visited)

Altars:
Ashenzari
Cheibriados
Dithmenos
Fedhas
Gozag
Hepliaklqana
Kikubaaqudgha
Makhleb
Nemelex Xobeh
Okawaru
Qazlal
Ru
Sif Muna
Trog
Uskayaw
Vehumet
Wu Jian
Xom
Yredelemnul
Zin
The Shining One

Shops:
D:4 (

Annotations:
D:5 Prince Ribbit


Innate Abilities, Weirdness & Mutations

You have very sharp teeth.
Your uncanny sense of smell can sniff out nearby items.
Your experience applies equally to all skills.


Message History

The scorpion is almost dead.
You feel very sick. The scorpion stings you!
You are lethally poisoned!
The scorpion poisons you!
You are too injured to fight recklessly!
You are too injured to fight recklessly!
You are too injured to fight recklessly!
You are too injured to fight recklessly!
You are too injured to fight recklessly!
You are too injured to fight recklessly!
You are too injured to fight recklessly!
You are too injured to fight recklessly!
You are too injured to fight recklessly!
You are too injured to fight recklessly!
You are too injured to fight recklessly!
You are too injured to fight recklessly!
You are too injured to fight recklessly!
You are too injured to fight recklessly!
You are too injured to fight recklessly!
You are too injured to fight recklessly!
You hit the scorpion but do no damage.
The scorpion is almost dead.
* * * LOW HITPOINT WARNING * * *
You feel very sick. The scorpion stings you.
* * * LOW HITPOINT WARNING * * *
You are more poisoned.
The scorpion poisons you!
You hit the scorpion but do no damage.
The scorpion is almost dead.
* * * LOW HITPOINT WARNING * * *
You feel very sick. The scorpion stings you.
* * * LOW HITPOINT WARNING * * *
You are more poisoned.
The scorpion poisons you!
You hit the scorpion.
You kill the scorpion!
You die...

*,,...,,,###...#...# *,*
*,*#.#**,<...#####.## *,*
*,*#.# *,###...#....#####.#
*,**,***,* ##..#..........#
*,**,,,,,* #....##.#######
*,******,* #.......# *,* *,*
####.#### *,******,* #.#
*,,,,,,,,* ###@# **********
*#.#†# *######## **,#..#
*,......####.###.###
*,*#...............#
*,**#>#.####.......#
#.###.#.####.......#
#.........##.......#********
#.###.###.##>........,,,,,,*


There were no monsters in sight!

Vanquished Creatures
  Menkaure (D:5)
  A phantom (D:4)
  2 scorpions
  A centaur zombie (Ossuary)
  4 mummies (Ossuary)
  3 adders
  5 orcs
  A ball python (D:4)
  A gnoll zombie (Ossuary)
  2 goblin zombies (Ossuary)
  2 hobgoblin zombies (Ossuary)
  A kobold (D:4)
  A kobold zombie (Ossuary)
  An orc zombie (Ossuary)
26 creatures vanquished.

Notes
Turn   | Place    | Note
-------+----------+-------------------------------------------
     0 | D:5      | Reached skill level 9 in Stealth
     0 | D:5      | DocClef the Gnoll Delver began the quest for the Orb.
     0 | D:5      | Reached XP level 1. HP: 23/23 MP: 1/1
    23 | D:5      | Noticed Menkaure
    30 | D:5      | Killed Menkaure
    31 | D:5      | Reached skill level 1 in Long Blades
    31 | D:5      | Reached skill level 1 in Axes
    31 | D:5      | Reached skill level 1 in Maces & Flails
    31 | D:5      | Reached skill level 1 in Polearms
    31 | D:5      | Reached skill level 1 in Staves
    31 | D:5      | Reached skill level 1 in Slings
    31 | D:5      | Reached skill level 1 in Bows
    31 | D:5      | Reached skill level 1 in Crossbows
    31 | D:5      | Reached skill level 1 in Throwing
    31 | D:5      | Reached skill level 1 in Armour
    31 | D:5      | Reached skill level 1 in Shields
    31 | D:5      | Reached skill level 1 in Unarmed Combat
    31 | D:5      | Reached skill level 1 in Spellcasting
    31 | D:5      | Reached skill level 1 in Conjurations
    31 | D:5      | Reached skill level 1 in Hexes
    31 | D:5      | Reached skill level 1 in Summonings
    31 | D:5      | Reached skill level 1 in Necromancy
    31 | D:5      | Reached skill level 1 in Translocations
    31 | D:5      | Reached skill level 1 in Transmutations
    31 | D:5      | Reached skill level 1 in Fire Magic
    31 | D:5      | Reached skill level 1 in Ice Magic
    31 | D:5      | Reached skill level 1 in Air Magic
    31 | D:5      | Reached skill level 1 in Earth Magic
    31 | D:5      | Reached skill level 1 in Poison Magic
    31 | D:5      | Reached skill level 1 in Invocations
    31 | D:5      | Reached skill level 1 in Evocations
    31 | D:5      | Reached XP level 2. HP: 29/29 MP: 1/3
    31 | D:5      | Reached XP level 3. HP: 35/35 MP: 1/4
    31 | D:5      | Reached XP level 4. HP: 41/41 MP: 1/5
   111 | D:5      | Reached XP level 5. HP: 38/47 MP: 5/7
   257 | D:5      | Noticed a black bear
   259 | D:5      | Noticed Prince Ribbit
   297 | D:4      | Found a sand-covered staircase.
   302 | Ossuary  | Entered an ossuary
   575 | Ossuary  | Reached XP level 6. HP: 53/53 MP: 8/8
  1203 | D:4      | Reached skill level 5 in Short Blades
  1203 | D:4      | Reached skill level 5 in Dodging
  1358 | D:4      | Found a staircase to the Ecumenical Temple.
  1365 | Temple   | Entered the Ecumenical Temple
  1430 | Temple   | Became a worshipper of Hepliaklqana the Forgotten
  1632 | D:4      | Found Teid's Firing Range.
  1641 | D:4      | Found the +3 sling "Punk" {acid, rCorr}
  1705 | D:4      | Succumbed to a scorpion's poison

Illustrated notes

Levels and vault maps discovered:
D:4:      cheibrodos_quashed, layout_loops_corners,
          minmay_temple_entry_enclosed_plants, nicolae_ossuary_entry_ruins,
          nicolae_shop_firing_range
D:5:      layout_rooms, kennysheep_path_1, uniq_prince_ribbit1,
          uniq_blork_the_orc, uniq_menkaure
Temple:   grunt_wide_crystal_templ

Skill      XL: |  1  2  3  4  5  6 |
---------------+-------------------+-----
Stealth        | |  9.8
Long Blades    | 1 2 |  2.1
Axes           | 1 2 |  2.1
Maces & Flails | 1 2 |  2.1
Polearms       | 1 2 |  2.1
Staves         | 1 2 |  2.1
Slings         | 1 2 |  2.1
Bows           | 1 2 |  2.1
Crossbows      | 1 2 |  2.1
Throwing       | 1 2 |  2.1
Armour         | 1 2 |  2.1
Shields        | 1 2 |  2.1
Unarmed Combat | 1 2 |  2.1
Spellcasting   | 1 2 |  2.1
Conjurations   | 1 |  1.6
Hexes          | 1 |  1.6
Summonings     | 1 |  1.6
Necromancy     | 1 |  1.6
Translocations | 1 |  1.6
Transmutations | 1 |  1.6
Fire Magic     | 1 |  1.6
Ice Magic      | 1 |  1.6
Air Magic      | 1 |  1.6
Earth Magic    | 1 |  1.6
Poison Magic   | 1 |  1.6
Invocations    | 1 2 |  2.3
Evocations     | 1 2 |  2.1
Short Blades   | 5 |  5.0
Dodging        | 5 |  5.0
Fighting       | |  6.9

Action                   |  1- 3 |  4- 6 || total
-------------------------+-------+-------++-------
Melee: Short sword       |     1 |   133 ||   134
       Bite              |       |    20 ||    20
       Punch             |       |     3 ||     3
  Use: Scroll            |       |     1 ||     1
 Stab: Sleeping          |     1 |    12 ||    13
Armor: Leather armour    |       |    10 ||    10
Dodge: Dodged            |       |    54 ||    54

Table legend: (Time is in decaauts)
 A = Elapsed time spent in this place.
 B = Non-inter-level travel time spent in this place.
 C = Inter-level travel time spent in this place.
 D = Time resting spent in this place.
 E = Time spent auto-exploring this place.
 F = Levels seen in this place.
 G = Mean time per level.
                   A        B        C        D        E       F      G
               +--------+--------+--------+--------+--------+-----+--------+
         Total |   1685 |   1648 |     37 |    282 |    998 |   4 |  421.2 |
       Dungeon |    792 |    770 |     22 |      0 |    576 |   2 |  396.0 |
        Temple |     70 |     55 |     15 |      0 |     37 |   1 |   70.0 |
       Ossuary |    821 |    821 |      0 |    282 |    385 |   1 |  821.0 |
               +--------+--------+--------+--------+--------+-----+--------+

Top non-repeatable levels by time:
 Ossuary: 821 daAuts
     D:4: 532 daAuts
     D:5: 260 daAuts
  Temple: 70 daAuts
